 Dungeon Crawl Stone Soup version 0.23.2-40-g277498a (webtiles) character file.

Game seed: 8265993262666611136

641 Fang the Skirmisher (level 7, -5/44 HPs)
             Began as a Gargoyle Berserker on Sept 3, 2019.
             Was a Priest of Trog.
             Slain by a mummy (8 damage)
             ... in an ossuary.
             The game lasted 00:05:45 (4633 turns).

Fang the Skirmisher (Gargoyle Berserker)            Turns: 4633, Time: 00:05:46

Health: -5/44      AC: 14    Str: 23    XL:     7   Next: 51%
Magic:  7/7        EV:  9    Int:  7    God:    Trog [***...]
Gold:   302        SH:  0    Dex:  9    Spells: 6/6 levels left

rFire    . . .     SeeInvis .   a - +0 hand axe
rCold    . . .     Gourm    .   (no shield)
rNeg     + . .     Faith    .   b - +0 chain mail
rPois    ∞         Spirit   .   (no helmet)
rElec    +         Reflect  .   e - scarf {cloud immunity}
rCorr    .         Harm     .   (no gloves)
MR       .....                  (no boots)
Stlth    ..........             (no amulet)
HPRegen  0.14/turn              (no ring)
MPRegen  0.10/turn              (no ring)

@: berserk cooldown, starving, slowed, very slow
A: negative energy resistance 1, electricity resistance, unbreathing,
petrification resistance, rot immunity, AC +4
a: Berserk, Trog's Hand, Renounce Religion


You were in an ossuary.
You worshipped Trog.
Trog was most pleased with you.
You were starving.

You visited 1 branch of the dungeon, and saw 5 of its levels.
You also visited: Ossuary.

You collected 302 gold pieces.

Inventory:

Hand Weapons
 a - a +0 hand axe (weapon)
Armour
 b - a +0 chain mail (worn)
 e - a scarf of cloud immunity (worn)
Jewellery
 r - an uncursed ring of protection from fire {unknown}
Scrolls
 d - 3 scrolls of remove curse {unknown}
 h - a scroll of fear {unknown}
 i - a scroll of noise {unknown}
 j - 2 scrolls of teleportation {unknown}
 l - 2 scrolls of enchant armour {unknown}
 p - 3 scrolls of identify {unknown}
Potions
 f - a potion of brilliance {unknown}
 g - 2 potions of haste {unknown}
 k - 3 potions of curing {unknown}
 m - a potion of magic {unknown}
 n - a potion of ambrosia {unknown}
 o - a potion of degeneration {unknown}
 q - a potion of heal wounds {unknown}
Comestibles
 c - 5 rations


   Skills:
 + Level 5.4 Fighting
 + Level 4.5 Axes
 + Level 4.8 Armour
 + Level 3.5 Dodging


You had 6 spell levels left.
You didn't know any spells.
Your spell library was empty.

Dungeon Overview and Level Annotations

Branches:
Dungeon (5/15)
 Temple: D:4-7

Altars:
Qazlal
Uskayaw

Shops:
D:4 [=}[*


Innate Abilities, Weirdness & Mutations

You are resistant to torment.
Your stone body is resilient. (AC +4)
You are immune to poison.
You resist negative energy. (rN+)
You are resistant to electric shocks. (rElec)
You can survive without breathing.
You are immune to petrification.
You are immune to rotting.


Message History

The mummy hits you.
You hit the mummy but do no damage.
The mummy is lightly damaged.
You hit the mummy. The mummy closely misses you. The mummy barely misses you.
You closely miss the mummy.
The mummy is lightly damaged.
Your chain mail prevents you from hitting the mummy.
The mummy hits you!
* * * LOW HITPOINT WARNING * * *
The mummy hits you but does no damage.
You hit the mummy but do no damage.
The mummy is lightly damaged.
You barely miss the mummy. The mummy hits you.
* * * LOW HITPOINT WARNING * * *
The mummy hits you!
* * * LOW HITPOINT WARNING * * *
You hit the mummy but do no damage.
The mummy is lightly damaged.
You hit the mummy. The mummy hits you!
You die...

....##....##..
..............
.............
...........
........#
......# #MM..#
#@...# #....#
#....# #....#
#....# #....#
#....# #.∩∩.#
######


You could see 2 mummies.

Vanquished Creatures
  A phantom (D:4)
  A necrophage (D:4)
  A howler monkey (D:5)
  A centaur skeleton (D:4)
  An orc wizard (D:3)
  2 human zombies (D:5)
  An orc priest (D:3)
  2 human skeletons (D:5)
  A worker ant (D:4)
  2 mummies (Ossuary)
  6 adders
  An ooze (D:4)
  3 worms
  11 dart slugs
  3 leopard geckos
  11 orcs
  A ball python (D:1)
  4 giant cockroaches
  5 goblins
  7 hobgoblins
  A quokka (D:3)
  12 bats
  3 frilled lizards
  A hobgoblin zombie (Ossuary)
  4 kobolds
  3 kobold zombies (Ossuary)
  5 orc zombies
  6 rats
100 creatures vanquished.

Notes
Turn   | Place    | Note
-------+----------+-------------------------------------------
     0 | D:1      | Fang the Gargoyle Berserker began the quest for the Orb.
     0 | D:1      | Reached XP level 1. HP: 14/14 MP: 1/1
    66 | D:1      | Reached XP level 2. HP: 17/19 MP: 2/2
   217 | D:1      | Reached XP level 3. HP: 12/23 MP: 3/3
   598 | D:1      | Reached ** piety under Trog
   817 | D:2      | Reached XP level 4. HP: 25/29 MP: 4/4
  1057 | D:2      | Reached skill level 4 in Fighting
  2134 | D:3      | Reached XP level 5. HP: 33/33 MP: 5/5
  2149 | D:3      | Reached *** piety under Trog
  2305 | D:3      | Found a stormy altar of Qazlal.
  2305 | D:3      | Found a hide-covered altar of Uskayaw.
  2483 | D:4      | Found Ricubb's Jewellery Boutique.
  2488 | D:4      | Noticed a necrophage
  2510 | D:4      | Killed a necrophage
  2510 | D:4      | Reached XP level 6. HP: 24/39 MP: 6/6
  3263 | D:4      | Found Ofiur's Antique Armour Shop.
  3282 | D:4      | Found Miucur's General Store.
  3385 | D:4      | Found Poabrofa's Gadget Boutique.
  3735 | D:4      | Noticed a phantom
  3743 | D:4      | Found Numatapo's Antique Armour Boutique.
  3803 | D:4      | Killed a phantom
  3803 | D:4      | Reached skill level 5 in Fighting
  3803 | D:4      | Reached XP level 7. HP: 22/44 MP: 7/7
  4282 | D:5      | Entered Level 5 of the Dungeon
  4582 | D:5      | Found a sand-covered staircase.
  4595 | Ossuary  | Entered an ossuary
  4633 | Ossuary  | Slain by a mummy

Skill      XL: |  1  2  3  4  5  6 |
---------------+-------------------+-----
Axes           | 3 4 |  4.5
Dodging        | 2 3 |  3.5
Armour         | 3 4 |  4.8
Fighting       | 4 5 |  5.4

Action                   |  1- 3 |  4- 6 |  7- 9 || total
-------------------------+-------+-------+-------++-------
Melee: Hand axe          |    90 |   260 |    96 ||   446
Invok: Berserk           |       |     1 |     1 ||     2
 Stab: Sleeping          |       |     1 |       ||     1
  Eat: Chunk             |       |     5 |       ||     5
       Ration            |       |     1 |     1 ||     2
Armor: Animal skin       |    37 |    18 |       ||    55
       Chain mail        |       |   123 |    44 ||   167
Dodge: Dodged            |    77 |   120 |    38 ||   235
